 Dungeon Crawl Stone Soup version 0.31-a0-188-g5e087ee2ca (webtiles) character file.

Game seed: 13984168902120896083

107 qw the Skirmisher (level 4, -6/25 HPs)
             Began as a Deep Elf Hunter on June 22, 2023.
             Mangled by a kobold brigand
             ... wielding a +0 club
              (8 damage)
             ... on level 3 of the Dungeon.
             The game lasted 00:00:35 (2071 turns).

qw the Skirmisher (Deep Elf Hunter)                 Turns: 2071, Time: 00:00:35

Health: -6/25      AC:  5    Str: 10    XL:     4   Next: 56%
Magic:  6/6        EV: 11    Int: 14    God:
Gold:   73         SH:  0    Dex: 18    Spells: 3/3 levels left

rFire   . . .        Y - +2 longbow (flame)
rCold   . . .        (shield currently unavailable)
rNeg    . . .        d - +0 ring mail
rPois   .            (no helmet)
rElec   .            (no cloak)
rCorr   .            (no gloves)
SInv    .            (no boots)
Will    +....        (no amulet)
Stlth   +            b - ring of willpower
HPRegen 0.24/turn    (no ring)
MPRegen 0.10/turn

%: no passive effects
@: about to teleport
A: no striking features
a: no special abilities


You were on level 3 of the Dungeon.
You visited 1 branch of the dungeon, and saw 3 of its levels.

You collected 73 gold pieces.


   Skills:
 - Level 1.5 Fighting
 + Level 8.0 Ranged Weapons
 - Level 2.4 Dodging
 - Level 1.2 Stealth


You had 3 spell levels left.
You didn't know any spells.
Your spell library was empty.

Inventory:

Hand Weapons
 Y - a +2 longbow of flaming (weapon)
Armour
 d - a +0 ring mail (worn)
Jewellery
 b - a ring of willpower (left hand)
Potions
 g - a potion of cancellation {unknown}

Dungeon Overview and Level Annotations

Branches:
Dungeon (3/15)

Altars:

Annotations:
D:3 exclusion: 3 gnolls


Message History

You see here a gnoll skeleton.
You open the door. 2 kobold brigands and 6 kobolds come into view.
A kobold brigand is wielding a +0 club and quivering poisoned darts.
A kobold brigand is wielding a +0 dagger of venom and quivering poisoned darts.
A kobold is wielding a +0 dagger and quivering poisoned darts.
The kobold shouts! x4; The kobold brigand shouts!
The kobold shouts!
Found five items.
Enter note:
Enter note:
Enter note: You shoot an arrow.
The kobold shouts!
The arrow hits the kobold brigand.
The arrow burns the kobold brigand.
The kobold brigand is lightly wounded.
You shoot an arrow.
The arrow hits the kobold but does no damage.
The kobold hits you but does no damage.
You shoot an arrow. The arrow hits the kobold!
The arrow burns the kobold.
You kill the kobold!
Your Ranged Weapons skill increases to level 8!
You shoot an arrow. The arrow hits the kobold!
The arrow burns the kobold.
You kill the kobold!
You shoot an arrow. The arrow hits the kobold brigand.
The arrow burns the kobold brigand.
The kobold brigand is moderately wounded.
The kobold brigand hits you with a +0 club! x2
You shoot an arrow.
The arrow closely misses the kobold brigand.
The arrow hits the kobold brigand.
The arrow burns the kobold brigand.
The kobold brigand is moderately wounded.
The kobold brigand hits you with a +0 club.
You shoot an arrow.
The arrow closely misses the kobold brigand.
The arrow hits the kobold brigand!
The arrow burns the kobold brigand.
The kobold brigand is heavily wounded.
The kobold brigand hits you with a +0 club. x2
2071 ||| READING scroll of teleportation.
As you read the scroll of teleportation, it crumbles to dust.
You feel strangely unstable.
The kobold brigand hits you with a +0 club!
You die...

#+# #%# ### #%#
.%.# ##%## %.%|.
####...####KK....
+.%.....%@KKK...)
####.%.####K%....
###.## .%...
#.#.# ...# #.#%#
### #.#'# #...#
#.### #.#


You could see 2 kobold brigands and 4 kobolds.

Vanquished Creatures
  4 gnolls
  2 adders (D:2)
  2 ball pythons
  A bat (D:3)
  8 endoplasms
  2 giant cockroaches
  7 goblins
  6 hobgoblins
  6 kobolds
  2 quokkas (D:1)
  2 frilled lizards (D:2)
  2 rats
44 creatures vanquished.

Notes
Turn   | Place    | Note
-------+----------+-------------------------------------------
     0 | D:1      | qw the Deep Elf Hunter began the quest for the Orb.
     0 | D:1      | Reached XP level 1. HP: 12/12 MP: 3/3
     0 | D:1      | 0 ||| qw: Version: 0.3-a-9-g12657ce
     0 | D:1      | 0 ||| qw: Game counter: 2896
     0 | D:1      | 0 ||| qw: Always use a shield: true
     0 | D:1      | 0 ||| qw: God list: Okawaru
     0 | D:1      | 0 ||| qw: Allow faded altars: false
     0 | D:1      | 0 ||| qw: Do Orc after D:15 true
     0 | D:1      | 0 ||| qw: Do second Lair branch before Depths: true
     0 | D:1      | 0 ||| qw: Lair rune preference: random
     0 | D:1      | 0 ||| qw: Plans: Normal
     0 | D:1      | 0 ||| PLANNING D:1-11
   103 | D:1      | Reached XP level 2. HP: 16/16 MP: 4/4
   171 | D:1      | Reached skill level 6 in Ranged Weapons
   770 | D:1      | Reached XP level 3. HP: 20/20 MP: 5/5
   904 | D:1      | 904 ||| UPGRADING to +0 ring mail.
   914 | D:1      | 914 ||| DROPPING +0 leather armour.
   915 | D:1      | 915 ||| READING scroll labelled GYFUAN XARE.
   916 | D:1      | 916 ||| READING scroll labelled CUATUR HUBE.
   916 | D:1      | Identified a scroll of acquirement
   916 | D:1      | 916 ||| ACQUIRING +2 longbow of flaming
   916 | D:1      | Acquired a +2 longbow of flaming
   918 | D:1      | 918 ||| SWAPPING to +2 longbow of flaming.
   919 | D:1      | 919 ||| DROPPING +0 shortbow.
   920 | D:1      | 920 ||| READING scroll labelled COIBLO YSYUXT.
   923 | D:1      | 923 ||| DROPPING scroll of butterflies.
   959 | D:2      | Reached skill level 7 in Ranged Weapons
  1331 | D:2      | Identified the +4 hand axe of the Unseen Realm {vamp, Str+7
                  | Dex+4}
  1632 | D:2      | Reached XP level 4. HP: 25/25 MP: 6/6
  1644 | D:2      | 1644 ||| DROPPING ring of flight.
  1645 | D:2      | 1645 ||| READING scroll labelled YTUODI NIQOO.
  1746 | D:2      | 1746 ||| READING scroll labelled SIBIUHU DILA.
  1870 | D:3      | 1870 ||| Stepping ~*~*~tactically~*~*~ (outnumbered).
  1884 | D:3      | 1884 ||| UPGRADING to ring of willpower.
  1891 | D:3      | 1891 ||| FLEEEEING.
  1893 | D:3      | 1893 ||| FLEEEEING.
  2063 | D:3      | Found the +7 Throatcutter {drain, coup de grace}
  2063 | D:3      | Noticed a kobold brigand
  2063 | D:3      | Noticed a kobold brigand
  2067 | D:3      | Reached skill level 8 in Ranged Weapons
  2070 | D:3      | HP: 6/25 [kobold brigand/+0 club (3)]
  2070 | D:3      | HP: 2/25 [kobold brigand/+0 club (4)]
  2071 | D:3      | 2071 ||| READING scroll of teleportation.
  2071 | D:3      | Mangled by a kobold brigand

Levels and vault maps discovered:
D:1:      wheals_arrival_shading, layout_basic
D:2:      layout_basic
D:3:      layout_loops_ring, dilly_guarded_unrand_throatcut

Skill      XL: |  1  2  3  4 |
---------------+-------------+-----
Ranged Weapons | 6 7 8 |  8.0
Fighting       | |  1.5
Dodging        | |  2.4
Stealth        | |  1.2

Action                     |  1- 3 |  4- 6 || total
---------------------------+-------+-------++-------
   Fire: Shortbow          |    48 |       ||    48
         Longbow           |    33 |    23 ||    56
    Use: Scroll            |     3 |     3 ||     6
 Armour: Leather armour    |     2 |       ||     2
         Ring mail         |     2 |     2 ||     4
  Dodge: Dodged            |    15 |     2 ||    17

Table legend:
 A = Non-vault XP
 B = Vault XP
 C = Vault XP percentage of total XP
 D = Non-vault monster count
 E = Vault monster count
 F = Vault count percentage of total count
                 A         B        C        D         E       F
            +---------+---------+-------+---------+---------+-------
      Total |     149 |       4 |   2.6 |      42 |       2 |   4.5
            +---------+---------+-------+---------+---------+-------
        D:1 |      43 |       0 |   0.0 |      16 |       0 |   0.0
        D:2 |      58 |       0 |   0.0 |      20 |       0 |   0.0
        D:3 |      48 |       4 |   7.7 |       6 |       2 |  25.0
            +---------+---------+-------+---------+---------+-------
